 Dungeon Crawl Stone Soup version 0.28-a0-925-gd5e1996cdb (webtiles) character file.

Game seed: 16683165929404519417

3563 Ijustatesigmund the Prestidigitator (level 10, -3/76 HPs)
             Began as a Gnoll Artificer on Nov 26, 2021.
             Slain by a boulder beetle (50 damage)
             ... on level 7 of the Dungeon.
             The game lasted 00:21:20 (13248 turns).

Ijustatesigmund the Prestidigitator (GnAr)         Turns: 13248, Time: 00:21:21

Health: -3/76      AC: 21    Str: 10 (12) XL:     10   Next: 9%
Magic:  24/24      EV:  5    Int: 12 (13) God:
Gold:   302        SH:  0    Dex: 11 (13) Spells: 18/18 levels left

rFire   + . .      SeeInvis .   a - +2 mace (protect)
rCold   . . .      Faith    .   (no shield)
rNeg    . . .      Spirit   .   b - +1 plate armour
rPois   .          Reflect  .   (no helmet)
rElec   .          Harm     .   (no cloak)
rCorr   .          Rampage  .   (no gloves)
Will    .....                   (no boots)
Stlth   ..........              r - amulet of magic regeneration
HPRegen 0.22/turn               f - ring of protection from fire
MPRegen 0.59/turn               o - ring of magical power

@: under a protective aura
A: fangs 1, strong nose, distributed training, low mp 1, subdued magic 1, sturdy
frame 1
a: no special abilities


You were on level 7 of the Dungeon.
You visited 2 branches of the dungeon, and saw 8 of its levels.

You collected 302 gold pieces.

Inventory:

Hand Weapons
 a - a +2 mace of protection (weapon)
Missiles
 n - a throwing net
Armour
 b - a +1 plate armour (worn)
 d - the +3 pair of traumaturge's gloves {Infuse+∞, RegenMP, Int-3}
   (You acquired it on level 7 of the Dungeon)

   It empowers its wearer's blows with all of their magic.
   It causes its wearer's magical reserves to regenerate more quickly.
   Int:       It affects your intelligence (-3).
Jewellery
 f - a ring of protection from fire (left hand)
 o - a ring of magical power (right hand)
 r - an amulet of magic regeneration (around neck)
Wands
 g - a wand of mindburst (1)
Scrolls
 i - a scroll of immolation
 j - 2 scrolls of fog
 p - a scroll of amnesia
 s - 2 scrolls of vulnerability
Potions
 c - a potion of brilliance
 k - a potion of resistance
 l - a potion of flight
 q - a potion of attraction
 A - a potion of haste {unknown}
Miscellaneous
 e - a piece from Xom's chessboard (15/15)


   Skills:
 + Level 5.6 Fighting
 + Level 4.9 Short Blades
 + Level 4.9 Long Blades
 + Level 4.9 Axes
 + Level 4.9 Maces & Flails
 + Level 4.9 Polearms
 + Level 4.9 Staves
 + Level 4.9 Slings
 + Level 4.9 Bows
 + Level 4.9 Crossbows
 + Level 4.9 Throwing
 + Level 6.8 Armour
 + Level 5.6 Dodging
 + Level 5.5 Stealth
 + Level 4.9 Shields
 + Level 4.9 Unarmed Combat
 + Level 4.9 Spellcasting
 + Level 4.1 Conjurations
 + Level 4.1 Hexes
 + Level 4.1 Summonings
 + Level 4.1 Necromancy
 + Level 4.1 Translocations
 + Level 4.1 Transmutations
 + Level 4.1 Fire Magic
 + Level 4.1 Ice Magic
 + Level 4.1 Air Magic
 + Level 4.1 Earth Magic
 + Level 4.1 Poison Magic
 + Level 5.4 Invocations
 + Level 8.3 Evocations


You had 18 spell levels left.
You didn't know any spells.
Your spell library contained the following spells:

 Spells                   Type           Power      Damage    Failure   Level
 Shock                    Conj/Air       36%        1d5       94%         1
 Passwall                 Tmut/Erth      7%         N/A       98%         2
 Poisonous Vapours        Pois/Air       18%        N/A       98%         2
 Static Discharge         Conj/Air       9%         N/A       98%         2
 Gell's Gravitas          Tloc           9%         N/A       100%        3
 Lesser Beckoning         Tloc           9%         N/A       100%        3
 Swiftness                Air            9%         N/A       100%        3
 Teleport Other           Tloc           9%         N/A       100%        3
 Silence                  Hex/Air        4%         N/A       100%        5
 Chain Lightning          Conj/Air       4%         3d6       100%        9


Dungeon Overview and Level Annotations

Branches:
Dungeon (7/15)             Temple (1/1) D:7

Altars:
Ashenzari
Dithmenos
Elyvilon
Fedhas
Gozag
Kikubaaqudgha
Makhleb
Nemelex Xobeh
Okawaru
Qazlal
Ru
Sif Muna
Trog
Uskayaw
Vehumet
Wu Jian
Xom
Zin
The Shining One

Annotations:
D:7 3 runed translucent doors, fly's ghost, novice FoDe


Innate Abilities, Weirdness & Mutations

You have very sharp teeth.
Your uncanny sense of smell can sniff out nearby items.
Your experience applies equally to all skills.
Your magical capacity is low. (-10% MP)
Your spells are a little easier to cast, but a little less powerful.
Your movements are slightly less encumbered by armour. (ER -2)


Message History

You are electrocuted!
The centaur kicks you but does no damage.
You hit the centaur.
The centaur is moderately wounded.
The centaur hits you but does no damage.
The centaur barely misses you.
You hit the centaur. You bite the centaur, but do no damage.
The centaur is heavily wounded.
The centaur hits you but does no damage.
The centaur kicks you but does no damage.
A boulder beetle comes into view.
The centaur hits you but does no damage.
The centaur kicks you but does no damage.
You hit the centaur.
The centaur is severely wounded.
The centaur hits you but does no damage.
The centaur kicks you but does no damage.
The centaur completely misses you.
The centaur kicks you but does no damage.
You hit the centaur.
The centaur is almost dead.
The centaur completely misses you.
The centaur kicks you but does no damage.
The centaur hits you but does no damage.
The centaur kicks you but does no damage.
You hit the centaur.
The centaur is almost dead.
The centaur hits you but does no damage.
The centaur barely misses you.
The boulder beetle curls into a ball and begins rolling!
You hit the centaur.
You kill the centaur!
Okay, then.
It was a potion of degeneration.
There was something very wrong with that liquid.
You feel weakened.
You feel dopey.
You feel clumsy.
It was a potion of cancellation.
You feel magically purged. The boulder beetle hits you!!!
Ouch! That really hurt!
You die...

#..#§#.h.Tc..... #..
##.##[##########
.##.# #..#..# ..##.#
##.##.# #.##..# ##
#..##.# #.##...# #.
##..##.# #.##..#.#
#. ## ##.###.#
#.###.##.# #. .##
#..# #.#)#
#.....######. ..#
##.## #@#
##..##..)..... P.#
#..# #B#
#....#..#####. ..#
##.###°###.......#
#. .##
#..##.##........# #.
.# #..##.##.##.##.##
## .#
#####...#.#..##.##.#
.#
#.......#.#........#
.#
#.####..(...###+####
.#
#>#.......####...##


You could see a boulder beetle (rolling).

Vanquished Creatures
  A two-headed ogre (D:7)
  A slime creature (D:7)
  Sigmund (D:2)
  A wraith (D:6)
  2 steam dragons
  An orc warrior (D:7)
  5 black bears
  A necrophage (D:3)
  3 centaurs
  2 ogres
  A kobold brigand (D:7)
  A bullfrog (D:7)
  A wyvern zombie (D:6)
  2 scorpions
  3 wights (D:7)
  A howler monkey (D:7)
  2 hounds (D:5)
  4 jellies
  A bullfrog skeleton (D:6)
  A centaur skeleton (D:4)
  4 iguanas
  Terence (D:2)
  A killer bee zombie (D:7)
  A hound zombie (D:5)
  2 hound skeletons (D:4)
  4 gnolls
  A howler monkey skeleton (D:4)
  4 adders (D:6)
  2 white imps (D:7)
  An adder skeleton (D:4)
  2 worms
  5 dart slugs
  2 orcs
  7 endoplasms
  4 giant cockroaches
  10 goblins
  10 hobgoblins
  4 jackals (D:2)
  14 kobolds
  2 quokkas
  5 ball pythons
  11 bats
  8 frilled lizards
  4 rats
144 creatures vanquished.

Vanquished Creatures (collateral kills)
  An ice beast (D:5)
  A hound (D:5)
  2 gnolls (D:5)
  4 goblins (D:5)
  A quokka (D:5)
9 creatures vanquished.

Vanquished Creatures (others)
  A hound (D:7)
  A jelly (D:7)
  A gnoll shaman (D:5)
  A gnoll (D:5)
  A goblin (D:5)
5 creatures vanquished.

Grand Total: 158 creatures vanquished

Notes
Turn   | Place    | Note
-------+----------+-------------------------------------------
     0 | D:1      | Ijustatesigmund the Gnoll Artificer began the quest for the
                  | Orb.
     0 | D:1      | Reached XP level 1. HP: 17/17 MP: 1/1
   157 | D:1      | Reached XP level 2. HP: 11/23 MP: 2/2
   971 | D:1      | Reached XP level 3. HP: 14/28 MP: 3/3
  1343 | D:1      | Found a faded altar of an unknown god.
  1480 | D:1      | Reached skill level 1 in Invocations
  1832 | D:2      | Noticed Sigmund
  1853 | D:2      | Killed Sigmund
  1854 | D:2      | Reached skill level 1 in Short Blades
  1854 | D:2      | Reached skill level 1 in Long Blades
  1854 | D:2      | Reached skill level 1 in Axes
  1854 | D:2      | Reached skill level 1 in Maces & Flails
  1854 | D:2      | Reached skill level 1 in Polearms
  1854 | D:2      | Reached skill level 1 in Staves
  1854 | D:2      | Reached skill level 1 in Slings
  1854 | D:2      | Reached skill level 1 in Bows
  1854 | D:2      | Reached skill level 1 in Crossbows
  1854 | D:2      | Reached skill level 1 in Throwing
  1854 | D:2      | Reached skill level 1 in Shields
  1854 | D:2      | Reached skill level 1 in Unarmed Combat
  1854 | D:2      | Reached skill level 1 in Spellcasting
  1854 | D:2      | Reached skill level 1 in Conjurations
  1854 | D:2      | Reached skill level 1 in Hexes
  1854 | D:2      | Reached skill level 1 in Summonings
  1854 | D:2      | Reached skill level 1 in Necromancy
  1854 | D:2      | Reached skill level 1 in Translocations
  1854 | D:2      | Reached skill level 1 in Transmutations
  1854 | D:2      | Reached skill level 1 in Fire Magic
  1854 | D:2      | Reached skill level 1 in Ice Magic
  1854 | D:2      | Reached skill level 1 in Air Magic
  1854 | D:2      | Reached skill level 1 in Earth Magic
  1854 | D:2      | Reached skill level 1 in Poison Magic
  1854 | D:2      | Reached XP level 4. HP: 8/35 MP: 4/6
  1854 | D:2      | Reached XP level 5. HP: 9/41 MP: 4/7
  2454 | D:2      | Noticed Terence
  2461 | D:2      | Killed Terence
  2462 | D:2      | Reached XP level 6. HP: 47/47 MP: 8/8
  2980 | D:3      | Noticed a necrophage
  3010 | D:3      | Killed a necrophage
  3011 | D:3      | Reached skill level 5 in Armour
  4139 | D:4      | Reached XP level 7. HP: 50/52 MP: 10/10
  4418 | D:4      | Reached skill level 7 in Evocations
  5252 | D:4      | Noticed a steam dragon
  5314 | D:4      | Killed a steam dragon
  5315 | D:4      | Reached XP level 8. HP: 27/60 MP: 12/12
  6026 | D:5      | Entered Level 5 of the Dungeon
  7738 | D:5      | Found a sacrificial altar of Ru.
  8284 | D:5      | Got the Catalogue of the Birds
  8860 | D:6      | Reached XP level 9. HP: 10/66 MP: 14/14
  9774 | D:6      | HP: 2/66 [wraith (6)]
 11063 | D:7      | Reached skill level 5 in Fighting
 11063 | D:7      | Reached skill level 5 in Dodging
 11498 | D:7      | Found a runed translucent gate.
 11498 | D:7      | Noticed a kobold demonologist
 11499 | D:7      | Found a runed translucent gate.
 11499 | D:7      | Found a runed translucent gate.
 11500 | D:7      | Noticed fly's ghost (novice FoDe)
 11512 | D:7      | Found a staircase to the Ecumenical Temple.
 11523 | Temple   | Entered the Ecumenical Temple
 11701 | D:7      | Reached skill level 5 in Stealth
 11851 | D:7      | Reached skill level 8 in Evocations
 11939 | D:7      | Noticed a two-headed ogre
 11943 | D:7      | Killed a two-headed ogre
 11944 | D:7      | Reached skill level 5 in Invocations
 12225 | D:7      | Identified a scroll of acquirement
 12225 | D:7      | Acquired the +3 pair of traumaturge's gloves {Infuse+∞,
                  | RegenMP, Int-3}
 12225 | D:7      | Found the +3 pair of traumaturge's gloves {Infuse+∞,
                  | RegenMP, Int-3}
 12326 | D:7      | Noticed a troll
 12344 | D:7      | Reached XP level 10. HP: 21/74 MP: 17/17
 12908 | D:7      | Gained mutation: Your movements are slightly less
                  | encumbered by armour. (ER -2) [potion of mutation]
 12908 | D:7      | Gained mutation: Your spells are a little easier to cast,
                  | but a little less powerful. [potion of mutation]
 12908 | D:7      | Gained mutation: Your magical capacity is low. (-10% MP)
                  | [potion of mutation]
 13242 | D:7      | Noticed a boulder beetle
 13248 | D:7      | Slain by a boulder beetle

Illustrated notes

Levels and vault maps discovered:
D:1:      co_arrival_square_in_a_square_in_a_square, layout_basic,
          hellmonk_ecumenical_altar_crossroads
D:2:      layout_loops_cross, grunt_ministairs_7, uniq_sigmund, uniq_terence
D:3:      layout_rooms, st_stairs_5, hangedman_decor_peaks_small
D:4:      layout_loops_corners, minmay_fractal_squares_5
D:5:      layout_loops_ring, lemuel_round_altar, minmay_ogre_servants
D:6:      layout_cave_pools
D:7:      minmay_the_grid_triangle_9x9_recursive_2
          [minmay_the_grid_triangle_9x9_prize_schism,
          minmay_the_grid_triangle_9x9_intruding_spiral,
          minmay_the_grid_triangle_9x9_longest,
          minmay_the_grid_triangle_9x9_minimal], layout_loops_corners,
          minmay_temple_entry_overgrown, gammafunk_ghost_nasty_kobolds,
          serial_glass, glass_columns_b, glass_columns_a
Temple:   compressed_dpeg_circular_temple

Skill      XL: |  1  2  3  4  5  6  7  8  9 10 |
---------------+-------------------------------+-----
Invocations    | 1 2 3 4 5 |  5.4
Fighting       | 3 4 5 |  5.6
Short Blades   | 1 2 3 4 |  4.9
Long Blades    | 1 2 3 4 |  4.9
Axes           | 1 2 3 4 |  4.9
Maces & Flails | 1 2 3 4 |  4.9
Polearms       | 1 2 3 4 |  4.9
Staves         | 1 2 3 4 |  4.9
Slings         | 1 2 3 4 |  4.9
Bows           | 1 2 3 4 |  4.9
Crossbows      | 1 2 3 4 |  4.9
Throwing       | 1 2 3 4 |  4.9
Dodging        | 3 4 5 |  5.6
Shields        | 1 2 3 4 |  4.9
Unarmed Combat | 1 2 3 4 |  4.9
Spellcasting   | 1 2 3 4 |  4.9
Conjurations   | 1 2 3 4 |  4.1
Hexes          | 1 2 3 4 |  4.1
Summonings     | 1 2 3 4 |  4.1
Necromancy     | 1 2 3 4 |  4.1
Translocations | 1 2 3 4 |  4.1
Transmutations | 1 2 3 4 |  4.1
Fire Magic     | 1 2 3 4 |  4.1
Ice Magic      | 1 2 3 4 |  4.1
Air Magic      | 1 2 3 4 |  4.1
Earth Magic    | 1 2 3 4 |  4.1
Poison Magic   | 1 2 3 4 |  4.1
Stealth        | 3 4 5 |  5.5
Armour         | 5 6 |  6.8
Evocations     | 7 8 |  8.3

Action                   |  1- 3 |  4- 6 |  7- 9 | 10-12 || total
-------------------------+-------+-------+-------+-------++-------
Melee: Club              |   104 |       |       |       ||   104
       Bite              |    18 |    18 |    51 |     4 ||    91
       Short sword       |    57 |       |       |       ||    57
       Dagger            |    41 |   239 |   112 |       ||   392
       Punch             |     1 |     1 |     6 |     1 ||     9
       Mace              |       |       |   308 |    36 ||   344
Evoke: Wand              |     6 |    10 |    29 |       ||    45
       Piece from Xom's  |       |       |     1 |       ||     1
  Use: Scroll            |       |     5 |    16 |     2 ||    23
       Potion            |       |     1 |     4 |     4 ||     9
 Stab: Sleeping          |     1 |       |       |       ||     1
Armor: Leather armour    |    11 |       |       |       ||    11
       Plate armour      |   187 |   123 |   461 |    28 ||   799
       Skin              |       |       |       |     3 ||     3
Dodge: Dodged            |    62 |    43 |   125 |    12 ||   242

Table legend: (Time is in decaauts)
 A = Elapsed time spent in this place.
 B = Non-inter-level travel time spent in this place.
 C = Inter-level travel time spent in this place.
 D = Time resting spent in this place.
 E = Time spent auto-exploring this place.
 F = Levels seen in this place.
 G = Mean time per level.
                   A        B        C        D        E       F      G
               +--------+--------+--------+--------+--------+-----+--------+
         Total |  13247 |  13002 |    245 |   6711 |   4556 |   8 | 1655.9 |
       Dungeon |  13160 |  12930 |    230 |   6711 |   4499 |   7 | 1880.0 |
        Temple |     86 |     71 |     15 |      0 |     57 |   1 |   86.0 |
               +--------+--------+--------+--------+--------+-----+--------+

Top non-repeatable levels by time:
     D:4: 2811 daAuts
     D:6: 2337 daAuts
     D:7: 2135 daAuts
     D:5: 1958 daAuts
     D:1: 1724 daAuts
     D:2: 1111 daAuts
     D:3: 1082 daAuts
  Temple: 86 daAuts
